AoeStats
← Stanko2026

Four Lakes

508647284Analyzed
1v1 RM · 8d ago on Sep 23, 2026· 46m 46s· 2 players
Game mode
Random Map
Map size
Tiny (2 player)
Population
200
Speed
Normal
Resources
Standard
Victory
Conquest
Starting age
Dark Age
Ending age
Imperial Age
RankedLock teamsTeams togetherTeam positionsShared explorationLock speedFull tech treeHidden civsTurbo modeCheats
Victory
Defeat
🇩🇪 Sicilians · Germany
768
+14
🇨🇳 Danes · China
731
-14
Cure
10:41 Feudal Age
10:46 Man-at-Arms
18:08 Wheelbarrow
19:09 Double-Bit Axe
22:28 Castle Age
28:13 Fletching
28:55 Bow Saw
39:47 Gold Mining
Stanko2026
0:28 Loom
15:13 Feudal Age
16:45 Horse Collar
20:06 Stone Mining
20:10 Gold Mining
32:03 Castle Age
30:13 Fletching
30:24 Padded Archer Armor
30:25 Scale Mail Armor
32:09 Elite Skirmisher
32:12 Pikeman
Connection lost

Rejoining the realm…

Still unreachable

The connection could not be restored.

Session expired

The server has moved on; the page needs a fresh start.